 Dungeon Crawl Stone Soup version 0.21.0-24-g2553a33 (webtiles) character file.

108 loralnil the Shield-Bearer (level 4, -5/29 HPs)
             Began as a Gargoyle Fighter on Jan 20, 2018.
             Slain by Crazy Yiuf
             ... wielding a +3 quarterstaff of chaos
              (17 damage)
             ... on level 3 of the Dungeon.
             The game lasted 00:02:28 (1444 turns).

loralnil the Shield-Bearer (Gargoyle Fighter)       Turns: 1444, Time: 00:02:29

Health: -5/29      AC:  0    Str: 21    XL:     4   Next: 87%
Magic:  4/4        EV: 13    Int:  8    God:
Gold:   34         SH:  0    Dex:  9    Spells: 3/3 levels left

rFire    . . .     SeeInvis .   (weapon currently unavailable)
rCold    . . .     Gourm    .   (shield currently unavailable)
rNeg     + . .     Faith    .   (armour currently unavailable)
rPois    ∞         Spirit   .   (helmet currently unavailable)
rElec    .         Reflect  .   (cloak currently unavailable)
rCorr    .         Harm     .   (gloves currently unavailable)
MR       .....                  (boots currently unavailable)
Stlth    +.........             p - amulet of rage
HPRegen  0.09/turn              (ring currently unavailable)
MPRegen  0.09/turn              (ring currently unavailable)

@: pig-form, very quick
A: small, negative energy resistance 1, petrification resistance, rot immunity,
AC +3
a: Evoke Berserk Rage


You were on level 3 of the Dungeon.
You were very hungry.
You were a filthy swine.
You visited 1 branch of the dungeon, and saw 3 of its levels.

You collected 34 gold pieces.

Inventory:

Hand Weapons
 a - a +0 flail (melded)
Armour
 b - a +0 scale mail (melded)
 c - a +0 shield (melded)
 o - a +2 pair of gloves (melded)
Jewellery
 p - an amulet of rage (around neck)
 q - a ring of ice (melded)
Scrolls
 e - 2 scrolls of remove curse {unknown}
 h - 3 scrolls of fog
 l - 3 scrolls of teleportation {unknown}
 n - a scroll of immolation {unknown}
Potions
 d - a potion of might
 i - a potion of brilliance
 j - a potion of cancellation
 k - a potion of agility
 m - 2 potions of curing
Comestibles
 f - 5 rations


   Skills:
 + Level 4.1 Fighting
 + Level 2.9 Maces & Flails
 + Level 4.1 Armour
 + Level 4.1 Shields


You had 3 spell levels left.
You didn't know any spells.

Dungeon Overview and Level Annotations

Branches:
Dungeon (3/15)

Altars:

Annotations:
D:3 Crazy Yiuf


Innate Abilities, Weirdness & Mutations

You are resistant to torment.
((Your stone body is resilient. (AC +3)))
You are immune to poison.
You resist negative energy. (rN+)
((You are resistant to electric shocks. (rElec)))
((You can survive without breathing.))
You are immune to petrification.
You are immune to rotting.


Message History

Your +2 pair of gloves melds into your body.
Your +0 shield melds into your body.
Your +0 scale mail melds into your body.
Your ring of ice melds into your body.
You barely miss Crazy Yiuf.
Crazy Yiuf is heavily wounded.
Crazy Yiuf hits you with a quarterstaff of chaos.
You hit Crazy Yiuf.
Crazy Yiuf is severely wounded.
Crazy Yiuf barely misses you.
You closely miss Crazy Yiuf.
Crazy Yiuf is severely wounded.
You are feeling very hungry.
Crazy Yiuf hits you with a quarterstaff of chaos!
Crazy Yiuf freezes you.
You hit Crazy Yiuf.
Crazy Yiuf is severely wounded.
Crazy Yiuf hits you with a quarterstaff of chaos!
Ouch! That really hurt!
You die...

#....#
#...#.#
#....#
#...'.#
#...##
#...###
##.## #...#
#.##
#...########
##.#
###.........
#.##
#.#######.
##.# #.# #.
#h# #.# #.
#.g.# #.# #.
#...# #.# #.
#..)# #.# #.
##### #.# ##


You could see Crazy Yiuf.

Vanquished Creatures
  Jessica (D:3)
  A hound skeleton (D:2)
  3 gnolls (D:2)
  2 worms (D:2)
  A leopard gecko (D:1)
  6 goblins
  8 hobgoblins
  3 kobolds
  6 bats
  2 rats (D:1)
33 creatures vanquished.

Notes
Turn   | Place    | Note
-------+----------+-------------------------------------------
     0 | D:1      | loralnil the Gargoyle Fighter began the quest for the Orb.
     0 | D:1      | Reached XP level 1. HP: 14/14 MP: 1/1
    70 | D:1      | Reached XP level 2. HP: 19/19 MP: 2/2
   390 | D:1      | Reached XP level 3. HP: 18/23 MP: 3/3
   804 | D:2      | Reached XP level 4. HP: 27/29 MP: 4/4
  1413 | D:3      | Noticed Jessica
  1421 | D:3      | Killed Jessica
  1432 | D:3      | Found a runed door.
  1436 | D:3      | Noticed Crazy Yiuf
  1444 | D:3      | Slain by Crazy Yiuf

Skill      XL: |  1  2  3  4 |
---------------+-------------+-----
Fighting       | 4 |  4.1
Armour         | 4 |  4.1
Shields        | 4 |  4.1
Maces & Flails | |  2.9

Action                   |  1- 3 |  4- 6 || total
-------------------------+-------+-------++-------
Melee: Flail             |   107 |    41 ||   148
       Unarmed           |       |     4 ||     4
  Use: Scroll            |       |     5 ||     5
  Eat: Chunk             |       |     1 ||     1
Armor: Scale mail        |    49 |    27 ||    76
Dodge: Dodged            |    24 |    16 ||    40
Block: Shield            |    62 |    31 ||    93
